 Dungeon Crawl Stone Soup version bcrawl-1.21.3 (webtiles) character file.

Game seed: 15540162429161340820

16 Flugslaktarn the Sneak (level 2, -1/18 HPs)
             Began as a Skeleton Archaeologist on Mar 30, 2020.
             Slain by a leopard gecko (3 damage)
             ... on level 2 of the Dungeon.
             The game lasted 00:00:23 (1321 turns).

Flugslaktarn the Sneak (Skeleton Archaeologist)     Turns: 1321, Time: 00:00:23

Health: -1/18      AC:  6    Str: 16 (17) XL:     2   Next: 37%
Magic:  0/2        EV: 12    Int: 12      God:
Gold:   50         SH:  0    Dex:  6 (7)  Spells: 1/1 levels left

rFire    . . .     SeeInvis .   a - +0 whip
rCold    + . .     Gourm    .   (no shield)
rNeg     + + +     Faith    .   b - +1 robe
rPois    ∞         Spirit   +   c - +1 hat
rElec    .         Reflect  .   (no cloak)
rCorr    .         Harm     .   (no gloves)
MR       .....                  d - +1 pair of boots
Stlth    ++........             (no amulet)
HPRegen  0.06/turn              (no ring)
MPRegen  0.08/turn              (no ring)

@: no status effects
A: no food or potions, cold resistance 1, deterioration 1, negative energy
resistance 3, torment resistance, unbreathing, magic shield, sturdy frame 1,
spell healing
a: no special abilities


You were on level 2 of the Dungeon.
You were not hungry.

You visited 1 branch of the dungeon, and saw 2 of its levels.

You collected 50 gold pieces.

Inventory:

Hand Weapons
 a - a +0 whip (weapon)
Armour
 b - a +1 robe (worn)
 c - a +1 hat (worn)
 d - a +1 pair of boots (worn)
Scrolls
 e - a scroll of magic mapping
 g - a scroll of identify {unknown}
 h - 2 scrolls of blinking {unknown}
 i - 2 scrolls of remove curse {unknown}
 j - a scroll of immolation {unknown}
Miscellaneous
 f - a dusty tome


   Skills:
 + Level 2.4 Fighting
 - Level 1.2 Maces & Flails
 - Level 3.0 Dodging
 - Level 3.6 Stealth


You had one spell level left.
You didn't know any spells.
Your spell library was empty.

Dungeon Overview and Level Annotations

Branches:
Dungeon (2/12)

Altars:


Innate Abilities, Weirdness & Mutations

You do not eat or drink.
You are immune to poison.
Your flesh is cold resistant. (rC+)
Your body sometimes deteriorates upon taking damage.
You are immune to negative energy. (rN+++)
You are immune to unholy pain and torment.
You can survive without breathing.
When hurt, damage is shared between your health and your magic reserves.
Your movements are slightly less encumbered by armour. (ER -2)
Casting spells heals you.


Message History

The hobgoblin hits you with a +0 club.
* * * LOW HITPOINT WARNING * * *
The adder bites you but does no damage. The leopard gecko barely misses you.
You are too injured to fight recklessly!
You are too injured to fight recklessly!
You are too injured to fight recklessly!
You are too injured to fight recklessly!
You are too injured to fight recklessly!
You are too injured to fight recklessly!
You are too injured to fight recklessly!
You are too injured to fight recklessly!
You are too injured to fight recklessly!
You are too injured to fight recklessly!
You are too injured to fight recklessly!
Unknown command.
The leopard gecko closely misses you. The adder bites you but does no damage.
You see here a rat corpse.
The leopard gecko bites you.
You die...

..# ####+####..# ######
####+##..........#
.....#
#................#.#
.....#
#..................#
.....#
#...................w
.....#
#..........†...#..###
.....###........gS....#
.#
.....'..........@l....#
#
.....#########........#
...........!..........#
......########.##+#####
#####.# #.# # #.# #.
#####.# # ....#.#
###.#.#


You could see an adder, a leopard gecko and a hobgoblin.

Vanquished Creatures
  A giant cockroach (D:1)
  4 goblins
  4 hobgoblins
  2 kobolds (D:1)
  A rat (D:2)
12 creatures vanquished.

Notes
Turn   | Place    | Note
-------+----------+-------------------------------------------
     0 | D:1      | Flugslaktarn the Skeleton Archaeologist began the quest for
                  | the Orb.
     0 | D:1      | Reached XP level 1. HP: 12/12 MP: 1/1
   538 | D:1      | Reached XP level 2. HP: 14/17 MP: 2/2
  1321 | D:2      | Slain by a leopard gecko

Skill      XL: |  1 |
---------------+----+-----
Fighting       | 2 |  2.4
Maces & Flails | |  1.2
Dodging        | |  3.0
Stealth        | |  3.6

Action                   || total
-------------------------++-------
Melee: Whip              ||    73
 Stab: Sleeping          ||     3
Armor: Robe              ||    16
Dodge: Dodged            ||    49
